Workbook
Name Excel_BuiltIn__FilterDatabase: 'приложение 8'!$C$2:$C$471
Name Excel_BuiltIn_Print_Area: 'приложение 10'!$B$1:$T$809
Name Excel_BuiltIn_Print_Area: 'приложение 6'!$A$1:$G$62
Name Excel_BuiltIn_Print_Area: 'приложение 8'!$A$2:$E$478
Name Print_Area_0_0: 'приложение 10'!$A$1:$T$812
Name Print_Area_0_0_0: 'приложение 10'!$B$1:$T$812
Name Z_4F3F96C3_7B8B_440F_A7C0_DFFBDC784942__wvu_FilterData: #REF!
Name Z_6CB88F76_ADF1_43EB_B8FB_32CF6D2656A6__wvu_Cols: #REF!
Name Z_6CB88F76_ADF1_43EB_B8FB_32CF6D2656A6__wvu_FilterData: #REF!
Name Z_6CB88F76_ADF1_43EB_B8FB_32CF6D2656A6__wvu_PrintArea: #REF!
Name Z_7BCFB845_C80C_48FE_B4FE_79B4B69115F3__wvu_FilterData: #REF!
Name Z_7D67130F_5829_47C5_93DE_738E8D41F162__wvu_FilterData: #REF!
Name Z_8E2E7D81_C767_11D8_A2FD_006098EF8B30__wvu_Cols: #REF!
Name Z_8E2E7D81_C767_11D8_A2FD_006098EF8B30__wvu_FilterData: #REF!
Name Z_8E2E7D81_C767_11D8_A2FD_006098EF8B30__wvu_PrintArea: #REF!
Name Z_AAB63AD1_4FE4_4C7A_A62E_5A604C03BF55__wvu_FilterData: #REF!
Name Z_C231806E_9211_4D8F_9EB3_1A15C537C808__wvu_FilterData: #REF!
Name Z_D05021AF_1DB5_4AD7_B085_4CD71612CDB6__wvu_FilterData: #REF!
Name Z_D5E1AF6B_71F1_4B33_880B_72787157ADA9__wvu_FilterData: #REF!
Name Z_D5E1AF6B_71F1_4B33_880B_72787157ADA9__wvu_PrintArea: #REF!
Name Z_E2E14CAC_FED5_4087_B580_6F7DEE9C9BA1__wvu_FilterData: #REF!
Name Z_EF5A4981_C8E4_11D8_A2FC_006098EF8BA8__wvu_Cols: #REF!
Name Z_EF5A4981_C8E4_11D8_A2FC_006098EF8BA8__wvu_PrintArea: 'приложение 10'!$A$3
Name Z_EF5A4981_C8E4_11D8_A2FC_006098EF8BA8__wvu_PrintTitles: #REF!
Name Z_EFA5B1DC_5497_4E2C_A2B5_ED756C88CC7C__wvu_Cols: #REF!
Name Z_EFA5B1DC_5497_4E2C_A2B5_ED756C88CC7C__wvu_FilterData: #REF!

Sheet приложение 6
C1: Приложение 6
C2: к решению Совета муниципального образования Белореченский муниципальный район Краснодарского края от 31 июля 2025 г. № 183
B3: Распределение бюджетных ассигнований бюджета муниципального образования Белореченский муниципальный район Краснодарского края по разделам и подразделам классификации расходов бюджетов на 2025 год
D4: (рублей)
A5: № п/п | B5: Наименование | C5: Коды бюджетной классификации | G5: 2025 год
C6: Раздел | D6: Подраздел | E6: Целевая статья | F6: Вид расхода
A7: 1 | B7: 2 | C7: 3 | D7: 4 | E7: 5 | F7: 6 | G7: 5
B8: Всего расходов | G8: =G9+G17+G21+G27+G31+G37+G40+G42+G46+G51 -> 5.5463909e+09
A9: 1. | B9: Общегосударственные вопросы | C9: 01 | G9: =G10+G11+G12+G14+G15+G16+G13 -> 405803645
B10: Функционирование высшего должностного лица субъекта Российской Федерации и муниципального образования | C10: 01 | D10: 02 | G10: ='приложение 10'!I27 -> 2860000
B11: Функционирование законодательных (представительных) органов государственной власти и и представительных органов муниципальных образований | C11: 01 | D11: 03 | E11: 0020000 | G11: ='приложение 10'!I11 -> 7773700
B12: Функционирование Правительства Российской Федерации, высших органов исполнительной власти субъектов Российской Федерации, местных администраций | C12: 01 | D12: 04 | G12: ='приложение 10'!I32 -> 107968700
B13: Судебная система | C13: 01 | D13: 05 | G13: ='приложение 10'!I46 -> 7800
B14: Обеспечение деятельности финансовых, налоговых и таможенных органов и органов финансового (финансово-бюджетного) надзора | C14: 01 | D14: 06 | E14: 0020000 | G14: ='приложение 10'!I335+'приложение 10'!I355 -> 35841600
B15: Резервные фонды | C15: 01 | D15: 11 | E15: 0020400 | G15: ='приложение 10'!I50 -> 4000000
B16: Другие общегосударственные вопросы | C16: 01 | D16: 13 | E16: 0020400 | F16: 012 | G16: ='приложение 10'!I55+'приложение 10'!I399+'приложение 10'!I341+'приложение 10'!I674+'приложение 10'!I416+'приложение 10'!I603+'приложение 10'!I365+'приложение 10'!I20+'приложение 10'!I372+'приложение 10'!I726 -> 247351845
A17: 2. | B17: Национальная безопасность и правоохранительная деятельность | C17: 03 | G17: =G18+G20+G19 -> 47196200
B18: Гражданская оборона | C18: 03 | D18: 09 | G18: ='приложение 10'!I103 -> 39874200
B19: Защита населения и территории от чрезвычайных ситуаций природного и техногенного характера, пожарная безопасность | C19: 03 | D19: 10 | G19: ='приложение 10'!I117 -> 252000
B20: Другие вопросы в области национальной безопасности и правоохранительной деятельности | C20: 03 | D20: 14 | G20: ='приложение 10'!I122 -> 7070000
A21: 3. | B21: Национальная экономика | C21: 04 | G21: =G22+G25+G24+G23+G26 -> 54793562
B22: Сельское хозяйство и рыболовство | C22: 04 | D22: 05 | G22: ='приложение 10'!I378 -> 32502407
B23: Водное хозяйство | C23: 04 | D23: 06 | G23: ='приложение 10'!I144 -> 173300
B24: Транспорт | C24: 04 | D24: 08 | G24: ='приложение 10'!I148 -> 1250000
B25: Дорожное хозяйство(дорожные фонды) | C25: 04 | D25: 09 | G25: ='приложение 10'!I153 -> 13609055
B26: Другие вопросы в области национальной экономики | C26: 04 | D26: 12 | G26: ='приложение 10'!I158 -> 7258800
A27: 4. | B27: Жилищно-коммунальное хозяйство | C27: 05 | G27: =G29+G30+G28 -> 7.0604492e+08
B28: Жилищное хозяйство | C28: 05 | D28: 01 | G28: ='приложение 10'!I180 -> 40809900
B29: Коммунальное хозяйство | C29: 05 | D29: 02 | G29: ='приложение 10'!I190 -> 6.6259252e+08
B30: Благоустройство | C30: 05 | D30: 03 | G30: ='приложение 10'!I232 -> 2642500
A31: 5. | B31: Образование | C31: 07 | G31: =G32+G33+G35+G36+G34 -> 3596932939
B32: Дошкольное образование | C32: 07 | D32: 01 | G32: ='приложение 10'!I423+'приложение 10'!I238 -> 1.0821854e+09
B33: Общее образование | C33: 07 | D33: 02 | G33: ='приложение 10'!I455+'приложение 10'!I248 -> 1.9826913e+09
B34: Дополнительное образование детей | C34: 07 | D34: 03 | G34: ='приложение 10'!I511+'приложение 10'!I609 -> 354867659
B35: Молодежная политика | C35: 07 | D35: 07 | G35: ='приложение 10'!I732+'приложение 10'!I777+'приложение 10'!I261+'приложение 10'!I528 -> 29999800
B36: Другие вопросы в области образования | C36: 07 | D36: 09 | G36: ='приложение 10'!I533+'приложение 10'!I266+'приложение 10'!I769+'приложение 10'!I620 -> 1.4718884e+08
A37: 6. | B37: Культура и кинематография | C37: 08 | G37: =G38+G39 -> 113848100
B38: Культура | C38: 08 | D38: 01 | G38: ='приложение 10'!I633 -> 95092800
B39: Другие вопросы в области культуры, кинематографии | C39: 08 | D39: 04 | E39: 4429900 | F39: 001 | G39: ='приложение 10'!I643 -> 18755300
A40: 7. | B40: Здравоохранение | C40: 09 | G40: =G41 -> 29588900
B41: Амбулаторная помощь | C41: 09 | D41: 02 | G41: ='приложение 10'!I274 -> 29588900
A42: 8. | B42: Социальная политика | C42: 10 | G42: =G43+G44+G45 -> 290946000
B43: Социальное обеспечение населения | C43: 10 | D43: 03 | G43: ='приложение 10'!I296 -> 74585000
B44: Охрана семьи и детства | C44: 10 | D44: 04 | G44: ='приложение 10'!I583+'приложение 10'!I783+'приложение 10'!I305 -> 202902900
B45: Другие вопросы в области социальной политики | C45: 10 | D45: 06 | G45: ='приложение 10'!I794 -> 13458100
A46: 9. | B46: Физическая культура и спорт | C46: 11 | G46: =G47+G50+G49+G48 -> 2.5428962e+08
B47: Физическая культура | C47: 11 | D47: 01 | G47: ='приложение 10'!I680+'приложение 10'!I320+'приложение 10'!I589 -> 72893679
B48: Массовый спорт | C48: 11 | D48: 02 | G48: ='приложение 10'!I692 -> 29700
B49: Спорт высших достижений | C49: 11 | D49: 03 | G49: ='приложение 10'!I697 -> 1.7759194e+08
B50: Другие вопросы в области физической культуры и спорта | C50: 11 | D50: 05 | E50: 5200000 | G50: ='приложение 10'!I718 -> 3774300
A51: 10. | B51: Межбюджетные трансферты общего характера бюджетам субъектов Российской Федерации | C51: 14 | D51: 00 | G51: =G52+G53 -> 46947000
B52: Дотации на выравнивание бюджетной обеспеченности субъектов Российской Федерации и муниципальных образований | C52: 14 | D52: 01 | G52: ='приложение 10'!I347 -> 20000000
B53: Дотации на поддержку местных инициатив по итогам краевого конкурса | C53: 14 | D53: 03 | G53: ='приложение 10'!I329 -> 26947000
B55: Начальник финансового управления
B56: администрации муниципального образования
B57: Белореченский муниципальный район
B58: Краснодарского края | G58: Е.А. Греков

Sheet приложение 8
D2: Приложение 8
D3: к решению Совета муниципального образования Белореченский муниципальный район Краснодарского края от 31 июля 2025 г. № 183
B4: Распределение бюджетных ассигнований по целевым статьям (муниципальным программам муниципального образования Белореченский муниципальный район Краснодарского края и непрограммным направлениям деятельности), группам видов расходов классификации расходов бюджетов на 2025 год
E5: (рублей)
B6: Наименование | C6: КЦСР | D6: КВР | E6: 2025 год
A7: 1 | B7: 2 | C7: 3 | D7: 4 | E7: 5
B8: ВСЕГО | E8: =E9+E53+E57+E99+E110+E122+E140+E212+E229+E265+E269+E429+E373+E261+E357+E369+E389+E352+E365+E402+E223+E251+E132+E136+E394+E420 -> 5.5463909e+09
A9: 1. | B9: Муниципальная программа "Обеспечение деятельности органов местного самоуправления" | C9: 5000000000 | E9: =E10+E15+E43+E47+E50 -> 234035805
B10: Обеспечение деятельности высшего должностного лица муниципального образования | C10: 5010000000 | E10: =E11+E13 -> 3112000
B11: Расходы на обеспечение функций органов местного самоуправления | C11: 5010000190 | E11: =E12 -> 2860000
B12: Расходы на выплаты персоналу в целях обеспечения выполнения функций государственными (муниципальными) органами, казенными учреждениями, органами управления государственными внебюджетными фондами | C12: 5010000190 | D12: 100 | E12: ='приложение 10'!I31 -> 2860000
B13: Осуществление отдельного государственного полномочия Краснодарского края по формированию списков семей и граждан, жилые помещения которых утрачены, и (или) списков граждан, жилые помещения которых повреждены в результате чрезвычайных ситуаций природного и техногенного характера, а также в результате террористических актов и (или) при пресечении террористических актов правомерными действиями на территории Краснодарского края | C13: 5010060070 | E13: =E14 -> 252000
B14: Закупка товаров, работ и услуг для обеспечения государственных (муниципальных) нужд | C14: 5010060070 | D14: 200 | E14: ='приложение 10'!I121 -> 252000
B15: Обеспечение деятельности администрации муниципального образования | C15: 5020000000 | E15: =E16+E20+E23+E26+E34+E30+E38+E41 -> 204410600
B16: Расходы на обеспечение функций органов местного самоуправления | C16: 5020000190 | E16: =E17+E18+E19 -> 182228500
B17: Расходы на выплаты персоналу в целях обеспечения выполнения функций государственными (муниципальными) органами, казенными учреждениями, органами управления государственными внебюджетными фондами | C17: 5020000190 | D17: 100 | E17: ='приложение 10'!I36+'приложение 10'!I339+'приложение 10'!I382+'приложение 10'!I403+'приложение 10'!I537+'приложение 10'!I647+'приложение 10'!I722+'приложение 10'!I773 -> 182205400
B18: Закупка товаров, работ и услуг для обеспечения государственных (муниципальных) нужд | C18: 5020000190 | D18: 200 | E18: ='приложение 10'!I404+'приложение 10'!I538 -> 0
B19: Иные бюджетные ассигнования | C19: 5020000190 | D19: 800 | E19: ='приложение 10'!I37+'приложение 10'!I340+'приложение 10'!I383+'приложение 10'!I405+'приложение 10'!I539+'приложение 10'!I648+'приложение 10'!I723+'приложение 10'!I774 -> 23100
B20: Осуществление отдельных государственных полномочий по ведению учета граждан отдельных категорий в качестве нуждающихся в жилых помещениях и по формированию списка детей-сирот и детей, оставшихся без попечения родителей, лиц из числа детей-сирот и детей, оставшихся без попечения родителей, лиц, относившихся к категории детей-сирот и детей, оставшихся без попечения родителей, подлежащих обеспечению жилыми помещениями | C20: 5020060870 | E20: =E21+E22 -> 923100
B21: Расходы на выплаты персоналу в целях обеспечения выполнения функций государственными (муниципальными) органами, казенными учреждениями, органами управления государственными внебюджетными фондами | C21: 5020060870 | D21: 100 | E21: ='приложение 10'!I39 -> 923100
B22: Закупка товаров, работ и услуг для обеспечения государственных (муниципальных) нужд | C22: 5020060870 | D22: 200 | E22: ='приложение 10'!I40 -> 0
B23: Осуществление отдельных государственных полномочий Краснодарского края по поддержке сельскохозяйственного производства | C23: 5020060910 | E23: =E24+E25 -> 1840200
B24: Расходы на выплаты персоналу в целях обеспечения выполнения функций государственными (муниципальными) органами, казенными учреждениями, органами управления государственными внебюджетными фондами | C24: 5020060910 | D24: 100 | E24: ='приложение 10'!I385 -> 1840200
B25: Закупка товаров, работ и услуг для обеспечения государственных (муниципальных) нужд | C25: 5020060910 | D25: 200 | E25: ='приложение 10'!I386 -> 0
B26: Осуществление отдельных государственных полномочий по выявлению обстоятельств, свидетельствующих о необходимости оказания детям-сиротам и детям, оставшимся без попечения родителей, лицам из числа детей-сирот и детей, оставшихся без попечения родителей, содействия в преодолении трудной жизненной ситуации, и осуществлению контроля за использованием детьми-сиротами и детьми, оставшимися без попечения родителей, лицами из числа детей-сирот и детей, оставшихся без попечения родителей, предоставленных им жилых помещений специализированного жилищного фонда | C26: 5020069170 | E26: =E27+E28+E29 -> 1242200
B27: Расходы на выплату персоналу в целях обеспечения функций государственными (муниципальными) органами, казенными учреждениями, органами управления государственными внебюджетными фондами | C27: 5020069170 | D27: 100 | E27: ='приложение 10'!I798 -> 1242200
B28: Закупка товаров, работ и услуг для обеспечения государственных (муниципальных) нужд | C28: 5020069170 | D28: 200 | E28: ='приложение 10'!I799 -> 0
B29: Иные бюджетные ассигнования | C29: 5020069170 | D29: 800 | E29: ='приложение 10'!I800 -> 0
B30: Осуществление отдельных государственных полномочий Краснодарского края по организации и обеспечению отдыха и оздоровления детей (за исключением организации отдыха детей в каникулярное время) | C30: 5020069180 | E30: =E31+E32+E33 -> 923300
B31: Расходы на выплату персоналу в целях обеспечения функций государственными (муниципальными) органами, казенными учреждениями, органами управления государственными внебюджетными фондами | C31: 5020069180 | D31: 100 | E31: ='приложение 10'!I802 -> 923300
B32: Закупка товаров, работ и услуг для обеспечения государственных (муниципальных) нужд | C32: 5020069180 | D32: 200 | E32: ='приложение 10'!I803 -> 0
B33: Иные бюджетные ассигнования | C33: 5020069180 | D33: 800 | E33: ='приложение 10'!I804 -> 0
B34: Осуществление отдельных государственных полномочий по организации и осуществлению деятельности по опеке и попечительству в отношении несовершеннолетних | C34: 5020069190 | E34: =E35+E36+E37 -> 11292600
B35: Расходы на выплату персоналу в целях обеспечения функций государственными (муниципальными) органами, казенными учреждениями, органами управления государственными внебюджетными фондами | C35: 5020069190 | D35: 100 | E35: ='приложение 10'!I806 -> 10592100
B36: Закупка товаров, работ и услуг для обеспечения государственных (муниципальных) нужд | C36: 5020069190 | D36: 200 | E36: ='приложение 10'!I807 -> 700000
B37: Иные бюджетные ассигнования | C37: 5020069190 | D37: 800 | E37: ='приложение 10'!I808 -> 500
B38: Осуществление отдельных государственных полномочий по созданию и организации деятельности комиссий по делам несовершеннолетних и защите их прав | C38: 5020069200 | E38: =E39+E40 -> 5037600
B39: Расходы на выплаты персоналу в целях обеспечения выполнения функций государственными (муниципальными) органами, казенными учреждениями, органами управления государственными внебюджетными фондами | C39: 5020069200 | D39: 100 | E39: ='приложение 10'!I42 -> 4937600
B40: Закупка товаров, работ и услуг для обеспечения государственных (муниципальных) нужд | C40: 5020069200 | D40: 200 | E40: ='приложение 10'!I43 -> 100000
B41: 0существление отдельных государственных полномочий по предоставлению лицам, которые относились к категории детей-сирот и детей, оставшихся без попечения родителей, лиц из числа детей-сирот и детей, оставшихся без попечения родителей, и достигли возраста 23 лет, выплаты на приобретение благоустроенного жилого помещения в собственность или для полного погашения предоставленного на приобретение жилого помещения кредита (займа) по договору, обязательства заемщика по которому обеспечены ипотекой | C41: 5020069210 | E41: =E42 -> 923100
B42: Расходы на выплаты персоналу в целях обеспечения выполнения функций государственными (муниципальными) органами, казенными учреждениями, органами управления государственными внебюджетными фондами | C42: 5020069210 | D42: 100 | E42: ='приложение 10'!I45 -> 923100
B43: Укрепление материально-технической базы органов местного самоуправления | C43: 5030000000 | E43: =E44 -> 20915800
B44: Укрепление материально-технического оснащения для бесперебойного обеспечения бюджетного процесса | C44: 5030010030 | E44: =E45+E46 -> 20915800
B45: Закупка товаров, работ и услуг для обеспечения государственных (муниципальных) нужд | C45: 5030010030 | D45: 200 | E45: ='приложение 10'!I24+'приложение 10'!I369+'приложение 10'!I376+'приложение 10'!I408+'приложение 10'!I730+'приложение 10'!I420+'приложение 10'!I345+'приложение 10'!I607+'приложение 10'!I678+'приложение 10'!I59 -> 18960800
B46: Иные бюджетные ассигнования | C46: 5030010030 | D46: 800 | E46: ='приложение 10'!I421+'приложение 10'!I60 -> 1955000
B47: Повышение информированности населения о деятельности органов власти | C47: 5040000000 | E47: =E48 -> 1800000
B48: Обеспечение информационной открытости органов власти | C48: 5040010560 | E48: =E49 -> 1800000
B49: Закупка товаров, работ и услуг для обеспечения государственных (муниципальных) нужд | C49: 5040010560 | D49: 200 | E49: ='приложение 10'!I63 -> 1800000
B50: Создание информационно-технической инфраструктуры администрации | C50: 5050000000 | E50: =E51 -> 3797405
B51: Информатизация администрации муниципального образования | C51: 5050010780 | E51: =E52 -> 3797405
B52: Закупка товаров, работ и услуг для обеспечения государственных (муниципальных) нужд | C52: 5050010780 | D52: 200 | E52: ='приложение 10'!I66 -> 3797405
A53: 2. | B53: Муниципальная программа "Управление муниципальными финансами" | C53: 5100000000 | E53: =E54 -> 20000000
B54: Повышение уровня бюджетной обеспеченности муниципальных образований Белореченского района | C54: 5110000000 | E54: =E55 -> 20000000
B55: Дотации на выравнивание бюджетной обеспеченности поселений | C55: 51100A0030 | E55: =E56 -> 20000000
B56: Межбюджетные трансферты | C56: 51100A0030 | D56: 500 | E56: ='приложение 10'!I351 -> 20000000
A57: 3. | B57: Муниципальная программа "Обеспечение деятельности казенных учреждений" | C57: 5200000000 | E57: =E58+E63+E73+E79+E89+E94+E84+E68 -> 314700500
B58: Централизованная бухгалтерия | C58: 5210000000 | E58: =E59 -> 145382500
B59: Расходы на обеспечение деятельности (оказание услуг) муниципальных учреждений | C59: 5210000590 | E59: =E60+E61+E62 -> 145382500
B60: Расходы на выплаты персоналу в целях обеспечения выполнения функций государственными (муниципальными) органами, казенными учреждениями, органами управления государственными внебюджетными фондами | C60: 5210000590 | D60: 100 | E60: ='приложение 10'!I270+'приложение 10'!I70 -> 129919020
B61: Закупка товаров, работ и услуг для обеспечения государственных (муниципальных) нужд | C61: 5210000590 | D61: 200 | E61: ='приложение 10'!I271+'приложение 10'!I71 -> 15286780
B62: Иные бюджетные ассигнования | C62: 5210000590 | D62: 800 | E62: ='приложение 10'!I272+'приложение 10'!I72 -> 176700
B63: Административно-хозяйственная часть | C63: 5220000000 | E63: =E64 -> 40145900
B64: Расходы на обеспечение деятельности (оказание услуг) муниципальных учреждений | C64: 5220000590 | E64: =E65+E66+E67 -> 40145900
B65: Расходы на выплаты персоналу в целях обеспечения выполнения функций государственными (муниципальными) органами, казенными учреждениями, органами управления государственными внебюджетными фондами | C65: 5220000590 | D65: 100 | E65: ='приложение 10'!I75 -> 18907500
B66: Закупка товаров, работ и услуг для обеспечения государственных (муниципальных) нужд | C66: 5220000590 | D66: 200 | E66: ='приложение 10'!I76 -> 21074400
B67: Иные бюджетные ассигнования | C67: 5220000590 | D67: 800 | E67: ='приложение 10'!I77 -> 164000
B68: Архитектура и градостроительство | C68: 5230000000 | E68: =E69 -> 10942800
B69: Расходы на обеспечение деятельности (оказание услуг) муниципальных учреждений | C69: 5230000590 | E69: =E70+E71+E72 -> 10942800
B70: Расходы на выплаты персоналу в целях обеспечения выполнения функций государственными (муниципальными) органами, казенными учреждениями, органами управления государственными внебюджетными фондами | C70: 5230000590 | D70: 100 | E70: ='приложение 10'!I80 -> 9239300
B71: Закупка товаров, работ и услуг для обеспечения государственных (муниципальных) нужд | C71: 5230000590 | D71: 200 | E71: ='приложение 10'!I81 -> 1450100
B72: Иные бюджетные ассигнования | C72: 5230000590 | D72: 800 | E72: ='приложение 10'!I82 -> 253400
B73: Служба ГО и ЧС | C73: 5240000000 | E73: =E74 -> 39673500
B74: Расходы на обеспечение деятельности (оказание услуг) муниципальных учреждений | C74: 5240000590 | E74: =E75+E76+E78+E77 -> 39673500
B75: Расходы на выплаты персоналу в целях обеспечения выполнения функций государственными (муниципальными) органами, казенными учреждениями, органами управления государственными внебюджетными фондами | C75: 5240000590 | D75: 100 | E75: ='приложение 10'!I107 -> 24648100
B76: Закупка товаров, работ и услуг для обеспечения государственных (муниципальных) нужд | C76: 5240000590 | D76: 200 | E76: ='приложение 10'!I108 -> 3000400
B77: Межбюджетные трансферты | C77: 5240000590 | D77: 500 | E77: ='приложение 10'!I109 -> 12000000
B78: Иные бюджетные ассигнования | C78: 5240000590 | D78: 800 | E78: ='приложение 10'!I110 -> 25000
B79: ЦРО и МСКО | C79: 5250000000 | E79: =E80 -> 34386500
B80: Расходы на обеспечение деятельности (оказание услуг) муниципальных учреждений | C80: 5250000590 | E80: =E81+E82+E83 -> 34386500
B81: Расходы на выплаты персоналу в целях обеспечения выполнения функций государственными (муниципальными) органами, казенными учреждениями, органами управления государственными внебюджетными фондами | C81: 5250000590 | D81: 100 | E81: ='приложение 10'!I543+'приложение 10'!I652 -> 30806100
B82: Закупка товаров, работ и услуг для обеспечения государственных (муниципальных) нужд | C82: 5250000590 | D82: 200 | E82: ='приложение 10'!I544+'приложение 10'!I653 -> 3547400
B83: Иные бюджетные ассигнования | C83: 5250000590 | D83: 800 | E83: ='приложение 10'!I545+'приложение 10'!I654 -> 33000
B84: Служба заказчика | C84: 5260000000 | E84: =E85 -> 19911500
B85: Расходы на обеспечение деятельности (оказание услуг) муниципальных учреждений | C85: 5260000590 | E85: =E86+E87+E88 -> 19911500
B86: Расходы на выплаты персоналу в целях обеспечения выполнения функций государственными (муниципальными) органами, казенными учреждениями, органами управления государственными внебюджетными фондами | C86: 5260000590 | D86: 100 | E86: ='приложение 10'!I85 -> 16472500
B87: Закупка товаров, работ и услуг для обеспечения государственных (муниципальных) нужд | C87: 5260000590 | D87: 200 | E87: ='приложение 10'!I86 -> 2792000
B88: Иные бюджетные ассигнования | C88: 5260000590 | D88: 800 | E88: ='приложение 10'!I87 -> 647000
B89: Новое поколение | C89: 5270000000 | E89: =E90 -> 20130300
B90: Расходы на обеспечение деятельности (оказание услуг) муниципальных учреждений | C90: 5270000590 | E90: =E91+E92+E93 -> 20130300
B91: Расходы на выплаты персоналу в целях обеспечения выполнения функций государственными (муниципальными) органами, казенными учреждениями, органами управления государственными внебюджетными фондами | C91: 5270000590 | D91: 100 | E91: ='приложение 10'!I736 -> 13567100
B92: Закупка товаров, работ и услуг для обеспечения государственных (муниципальных) нужд | C92: 5270000590 | D92: 200 | E92: ='приложение 10'!I737 -> 6558200
B93: Иные бюджетные ассигнования | C93: 5270000590 | D93: 800 | E93: ='приложение 10'!I738 -> 5000
B94: Центр военно-патриотического воспитания подростков и молодежи имени Героя Советского Союза С.Т.Голенева | C94: 5280000000 | E94: =E95 -> 4127500
B95: Расходы на обеспечение деятельности (оказания услуг) муниципальных учреждений | C95: 5280000590 | E95: =E96+E97+E98 -> 4127500
B96: Расходы на выплаты персоналу в целях обеспечения выполнения функций государственными (муниципальными) органами, казенными учреждениями, органами управления государственными внебюджетными фондами | C96: 5280000590 | D96: 100 | E96: ='приложение 10'!I741 -> 3965500
B97: Закупка товаров, работ и услуг для обеспечения государственных (муниципальных) нужд | C97: 5280000590 | D97: 200 | E97: ='приложение 10'!I742 -> 161000
B98: Иные бюджетные ассигнования | C98: 5280000590 | D98: 800 | E98: ='приложение 10'!I743 -> 1000
A99: 4. | B99: Муниципальная программа "Молодежная политика, оздоровление, занятость детей и подростков" | C99: 5300000000 | E99: =E100+E105 -> 3960700
B100: Мероприятия в области молодежной политики | C100: 5310000000 | E100: =E101 -> 1760700
B101: Реализация мероприятий для детей и молодежи | C101: 5310010350 | E101: =E102+E103+E104 -> 1760700
...

Sheet приложение 10
H1: Приложение 10
H2: к решению Совета муниципального образования Белореченский муниципальный район Краснодарского края от 31 июля 2025 г. № 183
C3: Ведомственная структура расходов бюджета муниципального образования Белореченский муниципальный район Краснодарского края на 2025 год
I4: (рублей)
B5: № п\п | C5: Наименование | D5: Коды бюджетной классификации | I5: 2025 год | J5: Первоначальный бюджет | K5: 00.12.2024 | L5: 45687 | M5: 45715 | N5: 45378 | O5: 45772 | P5: Заключение 28.04.2025 | Q5: 45441 | R5: 45834 | S5: 45868 | T5: Формулы не заполнять
D6: Вед | E6: Раздел | F6: Подраздел | G6: Целевая статья | H6: Вид расхода
B7: 1 | C7: 2 | D7: 3 | E7: 4 | F7: 5 | G7: 6 | H7: 7 | I7: 8 | J7: 8
C8: ВСЕГО | I8: =SUM(J8:T8) -> 5.5463909e+09 | J8: =J9+J25+J333+J353+J370+J397+J414+J601+J672+J724+J775 -> 4402723800 | K8: =K9+K25+K333+K353+K370+K397+K414+K601+K672+K724+K775 -> 233235200 | L8: =L9+L25+L333+L353+L370+L397+L414+L601+L672+L724+L775 -> 2.6352798e+08 | M8: =M9+M25+M333+M353+M370+M397+M414+M601+M672+M724+M775 -> 68148007 | N8: =N9+N25+N333+N353+N370+N397+N414+N601+N672+N724+N775 -> 342126740 | O8: =O9+O25+O333+O353+O370+O397+O414+O601+O672+O724+O775 -> 49036711 | P8: =P9+P25+P333+P353+P370+P397+P414+P601+P672+P724+P775 -> 15708500 | Q8: =Q9+Q25+Q333+Q353+Q370+Q397+Q414+Q601+Q672+Q724+Q775 -> 29834075 | ... T8: =T9+T25+T333+T353+T370+T397+T414+T601+T672+T724+T775 -> 0
B9: 1. | C9: Совет муниципального образования Белореченский муниципальный район Краснодарского края | D9: 901 | I9: =SUM(J9:T9) -> 9173700 | J9: =J10 -> 9173700 | K9: =K10 -> 0 | L9: =L10 -> 0 | M9: =M10 -> 0 | N9: =N10 -> 0 | O9: =O10 -> 0 | P9: =P10 -> 0 | Q9: =Q10 -> 0 | ... T9: =T10 -> 0
C10: Общегосударственные вопросы | D10: 901 | E10: 01 | F10: 00 | I10: =SUM(J10:T10) -> 9173700 | J10: =J11+J20 -> 9173700 | K10: =K11+K20 -> 0 | L10: =L11+L20 -> 0 | M10: =M11+M20 -> 0 | N10: =N11+N20 -> 0 | O10: =O11+O20 -> 0 | P10: =P11+P20 -> 0 | Q10: =Q11+Q20 -> 0 | ... T10: =T11+T20 -> 0
C11: Функционирование законодательных (представительных) органов государственной власти и представительных органов муниципальных образований | D11: 901 | E11: 01 | F11: 03 | I11: =SUM(J11:T11) -> 7773700 | J11: =J12 -> 7773700 | K11: =K12 -> 0 | L11: =L12 -> 0 | M11: =M12 -> 0 | N11: =N12 -> 0 | O11: =O12 -> 0 | P11: =P12 -> 0 | Q11: =Q12 -> 0 | ... T11: =T12 -> 0
C12: Другие непрограммные направления деятельности органов местного самоуправления | D12: 901 | E12: 01 | F12: 03 | G12: 9900000000 | I12: =SUM(J12:T12) -> 7773700 | J12: =J13+J16 -> 7773700 | K12: =K13+K16 -> 0 | L12: =L13+L16 -> 0 | M12: =M13+M16 -> 0 | N12: =N13+N16 -> 0 | O12: =O13+O16 -> 0 | P12: =P13+P16 -> 0 | Q12: =Q13+Q16 -> 0 | ... T12: =T13+T16 -> 0
C13: Обеспечение деятельности лиц, замещающих муниципальные должности в представительных органах, контрольно-счетных органах муниципальных образований | D13: 901 | E13: 01 | F13: 03 | G13: 9910000000 | I13: =SUM(J13:T13) -> 2579100 | J13: =J14 -> 2579100 | K13: =K14 -> 0 | L13: =L14 -> 0 | M13: =M14 -> 0 | N13: =N14 -> 0 | O13: =O14 -> 0 | P13: =P14 -> 0 | Q13: =Q14 -> 0 | ... T13: =T14 -> 0
C14: Расходы на обеспечение функций органов местного самоуправления | D14: 901 | E14: 01 | F14: 03 | G14: 9910000190 | I14: =SUM(J14:T14) -> 2579100 | J14: =J15 -> 2579100 | K14: =K15 -> 0 | L14: =L15 -> 0 | M14: =M15 -> 0 | N14: =N15 -> 0 | O14: =O15 -> 0 | P14: =P15 -> 0 | Q14: =Q15 -> 0 | ... T14: =T15 -> 0
C15: Расходы на выплаты персоналу в целях обеспечения выполнения функций государственными (муниципальными) органами, казенными учреждениями, органами управления государственными внебюджетными фондами | D15: 901 | E15: 01 | F15: 03 | G15: 9910000190 | H15: 100 | I15: =SUM(J15:T15) -> 2579100 | J15: 2579100
C16: Обеспечение деятельности муниципальных и немуниципальных служащих в представительных органах, контрольно-счетных органах муниципальных образований | D16: 901 | E16: 01 | F16: 03 | G16: 9920000000 | I16: =SUM(J16:T16) -> 5194600 | J16: =J17 -> 5194600 | K16: =K17 -> 0 | L16: =L17 -> 0 | M16: =M17 -> 0 | N16: =N17 -> 0 | O16: =O17 -> 0 | P16: =P17 -> 0 | Q16: =Q17 -> 0 | ... T16: =T17 -> 0
C17: Расходы на обеспечение функций органов местного самоуправления | D17: 901 | E17: 01 | F17: 03 | G17: 9920000190 | I17: =SUM(J17:T17) -> 5194600 | J17: =J18+J19 -> 5194600 | K17: =K18+K19 -> 0 | L17: =L18+L19 -> 0 | M17: =M18+M19 -> 0 | N17: =N18+N19 -> 0 | O17: =O18+O19 -> 0 | P17: =P18+P19 -> 0 | Q17: =Q18+Q19 -> 0 | ... T17: =T18+T19 -> 0
C18: Расходы на выплаты персоналу в целях обеспечения выполнения функций государственными (муниципальными) органами, казенными учреждениями, органами управления государственными внебюджетными фондами | D18: 901 | E18: 01 | F18: 03 | G18: 9920000190 | H18: 100 | I18: =SUM(J18:T18) -> 5189600 | J18: 5189600
C19: Иные бюджетные ассигнования | D19: 901 | E19: 01 | F19: 03 | G19: 9920000190 | H19: 800 | I19: =SUM(J19:T19) -> 5000 | J19: 5000
C20: Другие общегосударственные вопросы | D20: 901 | E20: 01 | F20: 13 | I20: =SUM(J20:T20) -> 1400000 | J20: =J21 -> 1400000 | K20: =K21 -> 0 | L20: =L21 -> 0 | M20: =M21 -> 0 | N20: =N21 -> 0 | O20: =O21 -> 0 | P20: =P21 -> 0 | Q20: =Q21 -> 0 | ... T20: =T21 -> 0
C21: Муниципальная программа "Обеспечение деятельности органов местного самоуправления" | D21: 901 | E21: 01 | F21: 13 | G21: 500000000 | I21: =SUM(J21:T21) -> 1400000 | J21: =J22 -> 1400000 | K21: =K22 -> 0 | L21: =L22 -> 0 | M21: =M22 -> 0 | N21: =N22 -> 0 | O21: =O22 -> 0 | P21: =P22 -> 0 | Q21: =Q22 -> 0 | ... T21: =T22 -> 0
C22: Укрепление материально-технической базы органов местного самоуправления | D22: 901 | E22: 01 | F22: 13 | G22: 5030000000 | I22: =SUM(J22:T22) -> 1400000 | J22: =J23 -> 1400000 | K22: =K23 -> 0 | L22: =L23 -> 0 | M22: =M23 -> 0 | N22: =N23 -> 0 | O22: =O23 -> 0 | P22: =P23 -> 0 | Q22: =Q23 -> 0 | ... T22: =T23 -> 0
C23: Укрепление материально-технического оснащения для бесперебойного обеспечения бюджетного процесса | D23: 901 | E23: 01 | F23: 13 | G23: 5030010030 | I23: =SUM(J23:T23) -> 1400000 | J23: =J24 -> 1400000 | K23: =K24 -> 0 | L23: =L24 -> 0 | M23: =M24 -> 0 | N23: =N24 -> 0 | O23: =O24 -> 0 | P23: =P24 -> 0 | Q23: =Q24 -> 0 | ... T23: =T24 -> 0
C24: Закупка товаров, работ и услуг для обеспечения государственных (муниципальных) нужд | D24: 901 | E24: 01 | F24: 13 | G24: 5030010030 | H24: 200 | I24: =SUM(J24:T24) -> 1400000 | J24: 1400000
B25: 2. | C25: Администрация муниципального образования Белореченский муниципальный район Краснодарского края | D25: 902 | I25: =SUM(J25:T25) -> 1.4811684e+09 | J25: =J26+J102+J143+J179+J237+J295+J273+J319 -> 1062845000 | K25: =K26+K102+K143+K179+K237+K295+K273+K319 -> 34455300 | L25: =L26+L102+L143+L179+L237+L295+L273+L319 -> 1.4765918e+08 | M25: =M26+M102+M143+M179+M237+M295+M273+M319 -> 25546400 | N25: =N26+N102+N143+N179+N237+N295+N273+N319 -> 100982040 | O25: =O26+O102+O143+O179+O237+O295+O273+O319+O328 -> 34184910 | P25: =P26+P102+P143+P179+P237+P295+P273+P319 -> 0 | Q25: =Q26+Q102+Q143+Q179+Q237+Q295+Q273+Q319 -> 26924975 | R25: =R26+R102+R143+R179+R237+R295+R273+R319 -> 3645700 | S25: =S26+S102+S143+S179+S237+S295+S273+S319 -> 44924880 | T25: =T26+T102+T143+T179+T237+T295+T273+T319 -> 0
C26: Общегосударственные вопросы | D26: 902 | E26: 01 | F26: 00 | I26: =SUM(J26:T26) -> 324491905 | J26: =J27+J32+J50+J55+J46 -> 307406100 | K26: =K27+K32+K50+K55+K46 -> -1018100 | L26: =L27+L32+L50+L55+L46 -> -3119400 | M26: =M27+M32+M50+M55+M46 -> 12197300 | N26: =N27+N32+N50+N55+N46 -> 592240 | O26: =O27+O32+O50+O55+O46 -> 5968110 | P26: =P27+P32+P50+P55+P46 -> 0 | Q26: =Q27+Q32+Q50+Q55+Q46 -> 3614475 | ... T26: =T27+T32+T50+T55+T46 -> 0
C27: Функционирование высшего должностного лица субъекта Российской Федерации и муниципального образования | D27: 902 | E27: 01 | F27: 02 | I27: =SUM(J27:T27) -> 2860000 | J27: =J28 -> 2837300 | K27: =K28 -> 0 | L27: =L28 -> 0 | M27: =M28 -> 22700 | N27: =N28 -> 0 | O27: =O28 -> 0 | P27: =P28 -> 0 | Q27: =Q28 -> 0 | ... T27: =T28 -> 0
C28: Муниципальная программа "Обеспечение деятельности органов местного самоуправления" | D28: 902 | E28: 01 | F28: 02 | G28: 5000000000 | I28: =SUM(J28:T28) -> 2860000 | J28: =J29 -> 2837300 | K28: =K29 -> 0 | L28: =L29 -> 0 | M28: =M29 -> 22700 | N28: =N29 -> 0 | O28: =O29 -> 0 | P28: =P29 -> 0 | Q28: =Q29 -> 0 | ... T28: =T29 -> 0
C29: Обеспечение деятельности высшего должностного лица муниципального образования | D29: 902 | E29: 01 | F29: 02 | G29: 5010000000 | I29: =SUM(J29:T29) -> 2860000 | J29: =J30 -> 2837300 | K29: =K30 -> 0 | L29: =L30 -> 0 | M29: =M30 -> 22700 | N29: =N30 -> 0 | O29: =O30 -> 0 | P29: =P30 -> 0 | Q29: =Q30 -> 0 | ... T29: =T30 -> 0
C30: Расходы на обеспечение функций органов местного самоуправления | D30: 902 | E30: 01 | F30: 02 | G30: 5010000190 | I30: =SUM(J30:T30) -> 2860000 | J30: =J31 -> 2837300 | K30: =K31 -> 0 | L30: =L31 -> 0 | M30: =M31 -> 22700 | N30: =N31 -> 0 | O30: =O31 -> 0 | P30: =P31 -> 0 | Q30: =Q31 -> 0 | ... T30: =T31 -> 0
C31: Расходы на выплаты персоналу в целях обеспечения выполнения функций государственными (муниципальными) органами, казенными учреждениями, органами управления государственными внебюджетными фондами | D31: 902 | E31: 01 | F31: 02 | G31: 5010000190 | H31: 100 | I31: =SUM(J31:T31) -> 2860000 | J31: 2837300 | M31: 22700
C32: Функционирование Правительства Российской Федерации, высших исполнительных органов государственной власти субъектов Российской Федерации, местных администраций | D32: 902 | E32: 01 | F32: 04 | I32: =SUM(J32:T32) -> 107968700 | J32: =J33 -> 106162200 | K32: =K33 -> -1018800 | L32: =L33 -> 0 | M32: =M33 -> 2903500 | N32: =N33 -> 0 | O32: =O33 -> 0 | P32: =P33 -> 0 | Q32: =Q33 -> 0 | ... T32: =T33 -> 0
C33: Муниципальная программа "Обеспечение деятельности органов местного самоуправления" | D33: 902 | E33: 01 | F33: 04 | G33: 5000000000 | I33: =SUM(J33:T33) -> 107968700 | J33: =J34 -> 106162200 | K33: =K34 -> -1018800 | L33: =L34 -> 0 | M33: =M34 -> 2903500 | N33: =N34 -> 0 | O33: =O34 -> 0 | P33: =P34 -> 0 | Q33: =Q34 -> 0 | ... T33: =T34 -> 0
C34: Обеспечение деятельности администрации муниципального образования | D34: 902 | E34: 01 | F34: 04 | G34: 5020000000 | I34: =SUM(J34:T34) -> 107968700 | J34: =J35+J38+J41+J44 -> 106162200 | K34: =K35+K38+K41+K44 -> -1018800 | L34: =L35+L38+L41+L44 -> 0 | M34: =M35+M38+M41+M44 -> 2903500 | N34: =N35+N38+N41+N44 -> 0 | O34: =O35+O38+O41+O44 -> 0 | P34: =P35+P38+P41+P44 -> 0 | Q34: =Q35+Q38+Q41+Q44 -> 0 | ... T34: =T35+T38+T41+T44 -> 0
C35: Расходы на обеспечение функций органов местного самоуправления | D35: 902 | E35: 01 | F35: 04 | G35: 5020000190 | I35: =SUM(J35:T35) -> 101084900 | J35: =J36+J37 -> 99200200 | K35: =K36+K37 -> -1018800 | L35: =L36+L37 -> 0 | M35: =M36+M37 -> 2903500 | N35: =N36+N37 -> 0 | O35: =O36+O37 -> 0 | P35: =P36+P37 -> 0 | Q35: =Q36+Q37 -> 0 | ... T35: =T36+T37 -> 0
C36: Расходы на выплаты персоналу в целях обеспечения выполнения функций государственными (муниципальными) органами, казенными учреждениями, органами управления государственными внебюджетными фондами | D36: 902 | E36: 01 | F36: 04 | G36: 5020000190 | H36: 100 | I36: =SUM(J36:T36) -> 101084900 | J36: 99200200 | K36: -1018800 | M36: 2903500
C37: Иные бюджетные ассигнования | D37: 902 | E37: 01 | F37: 04 | G37: 5020000190 | H37: 800 | I37: =SUM(J37:T37) -> 0
C38: Осуществление отдельных государственных полномочий по ведению учета граждан отдельных категорий в качестве нуждающихся в жилых помещениях и по формированию списка детей-сирот и детей, оставшихся без попечения родителей, лиц из числа детей-сирот и детей, оставшихся без попечения родителей, лиц, относившихся к категории детей-сирот и детей, оставшихся без попечения родителей, подлежащих обеспечению жилыми помещениями | D38: 902 | E38: 01 | F38: 04 | G38: 5020060870 | I38: =SUM(J38:T38) -> 923100 | J38: =J39+J40 -> 933400 | K38: =K39+K40 -> 0 | L38: =L39+L40 -> 0 | M38: =M39+M40 -> 0 | N38: =N39+N40 -> 0 | O38: =O39+O40 -> 0 | P38: =P39+P40 -> 0 | Q38: =Q39+Q40 -> 0 | ... T38: =T39+T40 -> 0
C39: Расходы на выплаты персоналу в целях обеспечения выполнения функций государственными (муниципальными) органами, казенными учреждениями, органами управления государственными внебюджетными фондами | D39: 902 | E39: 01 | F39: 04 | G39: 5020060870 | H39: 100 | I39: =SUM(J39:T39) -> 923100 | J39: 933400 | S39: -10300
C40: Закупка товаров, работ и услуг для обеспечения государственных (муниципальных) нужд | D40: 902 | E40: 01 | F40: 04 | G40: 5020060870 | H40: 200 | I40: =SUM(J40:T40) -> 0 | J40: 0
C41: Осуществление отдельных государственных полномочий по созданию и организации деятельности комиссий по делам несовершеннолетних и защите их прав | D41: 902 | E41: 01 | F41: 04 | G41: 5020069200 | I41: =SUM(J41:T41) -> 5037600 | J41: =J42+J43 -> 5095200 | K41: =K42+K43 -> 0 | L41: =L42+L43 -> 0 | M41: =M42+M43 -> 0 | N41: =N42+N43 -> 0 | O41: =O42+O43 -> 0 | P41: =P42+P43 -> 0 | Q41: =Q42+Q43 -> 0 | ... T41: =T42+T43 -> 0
C42: Расходы на выплаты персоналу в целях обеспечения выполнения функций государственными (муниципальными) органами, казенными учреждениями, органами управления государственными внебюджетными фондами | D42: 902 | E42: 01 | F42: 04 | G42: 5020069200 | H42: 100 | I42: =SUM(J42:T42) -> 4937600 | J42: 4995200 | S42: -57600
C43: Закупка товаров, работ и услуг для обеспечения государственных (муниципальных) нужд | D43: 902 | E43: 01 | F43: 04 | G43: 5020069200 | H43: 200 | I43: =SUM(J43:T43) -> 100000 | J43: 100000
C44: 0существление отдельных государственных полномочий по предоставлению лицам, которые относились к категории детей-сирот и детей, оставшихся без попечения родителей, лиц из числа детей-сирот и детей, оставшихся без попечения родителей, и достигли возраста 23 лет, выплаты на приобретение благоустроенного жилого помещения в собственность или для полного погашения предоставленного на приобретение жилого помещения кредита (займа) по договору, обязательства заемщика по которому обеспечены ипотекой | D44: 902 | E44: 01 | F44: 04 | G44: 5020069210 | I44: =SUM(J44:T44) -> 923100 | J44: =J45 -> 933400 | K44: =K45 -> 0 | L44: =L45 -> 0 | M44: =M45 -> 0 | N44: =N45 -> 0 | O44: =O45 -> 0 | P44: =P45 -> 0 | Q44: =Q45 -> 0 | ... T44: =T45 -> 0
C45: Расходы на выплаты персоналу в целях обеспечения выполнения функций государственными (муниципальными) органами, казенными учреждениями, органами управления государственными внебюджетными фондами | D45: 902 | E45: 01 | F45: 04 | G45: 5020069210 | H45: 100 | I45: =SUM(J45:T45) -> 923100 | J45: 933400 | S45: -10300
C46: Судебная система | D46: 902 | E46: 01 | F46: 05 | I46: =SUM(J46:T46) -> 7800 | J46: =J47 -> 7100 | K46: =K47 -> 700 | L46: =L47 -> 0 | M46: =M47 -> 0 | N46: =N47 -> 0 | O46: =O47 -> 0 | P46: =P47 -> 0 | Q46: =Q47 -> 0 | ... T46: =T47 -> 0
C47: Другие непрограммные направления деятельности органов местного самоуправления | D47: 902 | E47: 01 | F47: 05 | G47: 9900000000 | I47: =SUM(J47:T47) -> 7800 | J47: =J48 -> 7100 | K47: =K48 -> 700 | L47: =L48 -> 0 | M47: =M48 -> 0 | N47: =N48 -> 0 | O47: =O48 -> 0 | P47: =P48 -> 0 | Q47: =Q48 -> 0 | ... T47: =T48 -> 0
C48: Осуществление полномочий по составлению (изменению) списков кандидатов в присяжные заседатели федеральных судов общей юрисдикции в Российской Федерации | D48: 902 | E48: 01 | F48: 05 | G48: 9900051200 | I48: =SUM(J48:T48) -> 7800 | J48: =J49 -> 7100 | K48: =K49 -> 700 | L48: =L49 -> 0 | M48: =M49 -> 0 | N48: =N49 -> 0 | O48: =O49 -> 0 | P48: =P49 -> 0 | Q48: =Q49 -> 0 | ... T48: =T49 -> 0
C49: Закупка товаров, работ и услуг для обеспечения государственных (муниципальных) нужд | D49: 902 | E49: 01 | F49: 05 | G49: 9900051200 | H49: 200 | I49: =SUM(J49:T49) -> 7800 | J49: 7100 | K49: 700
C50: Резервные фонды | D50: 902 | E50: 01 | F50: 11 | I50: =SUM(J50:T50) -> 4000000 | J50: =J51 -> 9000000 | K50: =K51 -> 0 | L50: =L51 -> 0 | M50: =M51 -> 0 | N50: =N51 -> 0 | O50: =O51 -> 0 | P50: =P51 -> 0 | Q50: =Q51 -> 0 | ... T50: =T51 -> 0
C51: Другие непрограммные направления деятельности органов местного самоуправления | D51: 902 | E51: 01 | F51: 11 | G51: 9900000000 | I51: =SUM(J51:T51) -> 4000000 | J51: =J52 -> 9000000 | K51: =K52 -> 0 | L51: =L52 -> 0 | M51: =M52 -> 0 | N51: =N52 -> 0 | O51: =O52 -> 0 | P51: =P52 -> 0 | Q51: =Q52 -> 0 | ... T51: =T52 -> 0
C52: Финансовое обеспечение непредвиденных расходов | D52: 902 | E52: 01 | F52: 11 | G52: 9930000000 | I52: =SUM(J52:T52) -> 4000000 | J52: =J53 -> 9000000 | K52: =K53 -> 0 | L52: =L53 -> 0 | M52: =M53 -> 0 | N52: =N53 -> 0 | O52: =O53 -> 0 | P52: =P53 -> 0 | Q52: =Q53 -> 0 | ... T52: =T53 -> 0
C53: Резервные фонды администрации | D53: 902 | E53: 01 | F53: 11 | G53: 9930020590 | I53: =SUM(J53:T53) -> 4000000 | J53: =J54 -> 9000000 | K53: =K54 -> 0 | L53: =L54 -> 0 | M53: =M54 -> 0 | N53: =N54 -> 0 | O53: =O54 -> 0 | P53: =P54 -> 0 | Q53: =Q54 -> 0 | ... T53: =T54 -> 0
C54: Иные бюджетные ассигнования | D54: 902 | E54: 01 | F54: 11 | G54: 9930020590 | H54: 800 | I54: =SUM(J54:T54) -> 4000000 | J54: 9000000 | S54: -5000000
C55: Другие общегосударственные вопросы | D55: 902 | E55: 01 | F55: 13 | I55: =SUM(J55:T55) -> 209655405 | J55: =J67+J92+J56+J88 -> 189399500 | K55: =K67+K92+K56+K88 -> 0 | L55: =L67+L92+L56+L88 -> -3119400 | M55: =M67+M92+M56+M88 -> 9271100 | N55: =N67+N92+N56+N88 -> 592240 | O55: =O67+O92+O56+O88 -> 5968110 | P55: =P67+P92+P56+P88 -> 0 | Q55: =Q67+Q92+Q56+Q88 -> 3614475 | ... T55: =T67+T92+T56+T88 -> 0
C56: Муниципальная программа "Обеспечение деятельности органов местного самоуправления" | D56: 902 | E56: 01 | F56: 13 | G56: 5000000000 | I56: =SUM(J56:T56) -> 10899105 | J56: =J57+J61+J64 -> 9411700 | K56: =K57+K61+K64 -> 0 | L56: =L57+L61+L64 -> 0 | M56: =M57+M61+M64 -> 590000 | N56: =N57+N61+N64 -> 0 | O56: =O57+O61+O64 -> 0 | P56: =P57+P61+P64 -> 0 | Q56: =Q57+Q61+Q64 -> 297405 | ... T56: =T57+T61+T64 -> 0
C57: Укрепление материально-технической базы органов местного самоуправления | D57: 902 | E57: 01 | F57: 13 | G57: 5030000000 | I57: =SUM(J57:T57) -> 5301700 | J57: =J58 -> 4411700 | K57: =K58 -> 0 | L57: =L58 -> 0 | M57: =M58 -> 290000 | N57: =N58 -> 0 | O57: =O58 -> 0 | P57: =P58 -> 0 | Q57: =Q58 -> 0 | ... T57: =T58 -> 0
C58: Укрепление материально-технического оснащения для бесперебойного обеспечения бюджетного процесса | D58: 902 | E58: 01 | F58: 13 | G58: 5030010030 | I58: =SUM(J58:T58) -> 5301700 | J58: =J59+J60 -> 4411700 | K58: =K59+K60 -> 0 | L58: =L59+L60 -> 0 | M58: =M59+M60 -> 290000 | N58: =N59+N60 -> 0 | O58: =O59+O60 -> 0 | P58: =P59+P60 -> 0 | Q58: =Q59+Q60 -> 0 | ... T58: =T59+T60 -> 0
C59: Закупка товаров, работ и услуг для обеспечения государственных (муниципальных) нужд | D59: 902 | E59: 01 | F59: 13 | G59: 5030010030 | H59: 200 | I59: =SUM(J59:T59) -> 3361700 | J59: 3361700
C60: Иные бюджетные ассигнования | D60: 902 | E60: 01 | F60: 13 | G60: 5030010030 | H60: 800 | I60: =SUM(J60:T60) -> 1940000 | J60: 1050000 | M60: 290000 | R60: 600000
C61: Повышение информированности населения о деятельности органов власти | D61: 902 | E61: 01 | F61: 13 | G61: 5040000000 | I61: =SUM(J61:T61) -> 1800000 | J61: =J62 -> 1500000 | K61: =K62 -> 0 | L61: =L62 -> 0 | M61: =M62 -> 300000 | N61: =N62 -> 0 | O61: =O62 -> 0 | P61: =P62 -> 0 | Q61: =Q62 -> 0 | ... T61: =T62 -> 0
C62: Обеспечение информационной открытости органов власти | D62: 902 | E62: 01 | F62: 13 | G62: 5040010560 | I62: =SUM(J62:T62) -> 1800000 | J62: =J63 -> 1500000 | K62: =K63 -> 0 | L62: =L63 -> 0 | M62: =M63 -> 300000 | N62: =N63 -> 0 | O62: =O63 -> 0 | P62: =P63 -> 0 | Q62: =Q63 -> 0 | ... T62: =T63 -> 0
C63: Закупка товаров, работ и услуг для обеспечения государственных (муниципальных) нужд | D63: 902 | E63: 01 | F63: 13 | G63: 5040010560 | H63: 200 | I63: =SUM(J63:T63) -> 1800000 | J63: 1500000 | M63: 300000
C64: Создание информационно-технической инфраструктуры администрации | D64: 902 | E64: 01 | F64: 13 | G64: 5050000000 | I64: =SUM(J64:T64) -> 3797405 | J64: =J65 -> 3500000 | K64: =K65 -> 0 | L64: =L65 -> 0 | M64: =M65 -> 0 | N64: =N65 -> 0 | O64: =O65 -> 0 | P64: =P65 -> 0 | Q64: =Q65 -> 297405 | ... T64: =T65 -> 0
C65: Информатизация администрации муниципального образования | D65: 902 | E65: 01 | F65: 13 | G65: 5050010780 | I65: =SUM(J65:T65) -> 3797405 | J65: =J66 -> 3500000 | K65: =K66 -> 0 | L65: =L66 -> 0 | M65: =M66 -> 0 | N65: =N66 -> 0 | O65: =O66 -> 0 | P65: =P66 -> 0 | Q65: =Q66 -> 297405 | ... T65: =T66 -> 0
C66: Закупка товаров, работ и услуг для обеспечения государственных (муниципальных) нужд | D66: 902 | E66: 01 | F66: 13 | G66: 5050010780 | H66: 200 | I66: =SUM(J66:T66) -> 3797405 | J66: 3500000 | Q66: 297405
C67: Муниципальная программа "Обеспечение деятельности казенных учреждений" | D67: 902 | E67: 01 | F67: 13 | G67: 5200000000 | I67: =SUM(J67:T67) -> 188888900 | J67: =J68+J73+J83+J78 -> 166237800 | K67: =K68+K73+K83+K78 -> 0 | L67: =L68+L73+L83+L78 -> 6880600 | M67: =M68+M73+M83+M78 -> 3713100 | N67: =N68+N73+N83+N78 -> 551040 | O67: =O68+O73+O83+O78 -> 5889710 | P67: =P68+P73+P83+P78 -> 0 | Q67: =Q68+Q73+Q83+Q78 -> 3025870 | ... T67: =T68+T73+T83+T78 -> 0
C68: Централизованная бухгалтерия | D68: 902 | E68: 01 | F68: 13 | G68: 5210000000 | I68: =SUM(J68:T68) -> 117888700 | J68: =J69 -> 108342600 | K68: =K69 -> 0 | L68: =L69 -> 6115300 | M68: =M69 -> 13600 | N68: =N69 -> 640040 | O68: =O69 -> 1160510 | P68: =P69 -> 0 | Q68: =Q69 -> 525870 | ... T68: =T69 -> 0
C69: Расходы на обеспечение деятельности (оказание услуг) муниципальных учреждений | D69: 902 | E69: 01 | F69: 13 | G69: 5210000590 | I69: =SUM(J69:T69) -> 117888700 | J69: =J70+J71+J72 -> 108342600 | K69: =K70+K71+K72 -> 0 | L69: =L70+L71+L72 -> 6115300 | M69: =M70+M71+M72 -> 13600 | N69: =N70+N71+N72 -> 640040 | O69: =O70+O71+O72 -> 1160510 | P69: =P70+P71+P72 -> 0 | Q69: =Q70+Q71+Q72 -> 525870 | ... T69: =T70+T71+T72 -> 0
C70: Расходы на выплаты персоналу в целях обеспечения выполнения функций государственными (муниципальными) органами, казенными учреждениями, органами управления государственными внебюджетными фондами | D70: 902 | E70: 01 | F70: 13 | G70: 5210000590 | H70: 100 | I70: =SUM(J70:T70) -> 108752620 | J70: 100986800 | L70: 5340300 | M70: 0 | N70: 640040 | O70: 1160510 | P70: 0 | Q70: 525870 | R70: 0 | S70: 99100 | T70: 0
C71: Закупка товаров, работ и услуг для обеспечения государственных (муниципальных) нужд | D71: 902 | E71: 01 | F71: 13 | G71: 5210000590 | H71: 200 | I71: =SUM(J71:T71) -> 8959380 | J71: 7192700 | L71: 775000 | M71: 0 | N71: 0 | O71: 0 | P71: 0 | Q71: 0 | R71: 23800 | S71: 967880 | T71: 0
C72: Иные бюджетные ассигнования | D72: 902 | E72: 01 | F72: 13 | G72: 5210000590 | H72: 800 | I72: =SUM(J72:T72) -> 176700 | J72: 163100 | M72: 13600
C73: Административно-хозяйственная часть | D73: 902 | E73: 01 | F73: 13 | G73: 5220000000 | I73: =SUM(J73:T73) -> 40145900 | J73: =J74 -> 30418700 | K73: =K74 -> 0 | L73: =L74 -> 765300 | M73: =M74 -> 1332500 | N73: =N74 -> 0 | O73: =O74 -> 4129400 | P73: =P74 -> 0 | Q73: =Q74 -> 2500000 | ... T73: =T74 -> 0
C74: Расходы на обеспечение деятельности (оказание услуг) муниципальных учреждений | D74: 902 | E74: 01 | F74: 13 | G74: 5220000590 | I74: =SUM(J74:T74) -> 40145900 | J74: =J75+J76+J77 -> 30418700 | K74: =K75+K76+K77 -> 0 | L74: =L75+L76+L77 -> 765300 | M74: =M75+M76+M77 -> 1332500 | N74: =N75+N76+N77 -> 0 | O74: =O75+O76+O77 -> 4129400 | P74: =P75+P76+P77 -> 0 | Q74: =Q75+Q76+Q77 -> 2500000 | ... T74: =T75+T76+T77 -> 0
C75: Расходы на выплаты персоналу в целях обеспечения выполнения функций государственными (муниципальными) органами, казенными учреждениями, органами управления государственными внебюджетными фондами | D75: 902 | E75: 01 | F75: 13 | G75: 5220000590 | H75: 100 | I75: =SUM(J75:T75) -> 18907500 | J75: 18469000 | M75: 438500
C76: Закупка товаров, работ и услуг для обеспечения государственных (муниципальных) нужд | D76: 902 | E76: 01 | F76: 13 | G76: 5220000590 | H76: 200 | I76: =SUM(J76:T76) -> 21074400 | J76: 11785700 | L76: 765300 | M76: 894000 | N76: 0 | O76: 4129400 | P76: 0 | Q76: 2500000 | R76: 0 | S76: 1000000 | T76: 0
C77: Иные бюджетные ассигнования | D77: 902 | E77: 01 | F77: 13 | G77: 5220000590 | H77: 800 | I77: =SUM(J77:T77) -> 164000 | J77: 164000
C78: Архитектура и градостроительство | D78: 902 | E78: 01 | F78: 13 | G78: 5230000000 | I78: =SUM(J78:T78) -> 10942800 | J78: =J79 -> 7543000 | K78: =K79 -> 0 | L78: =L79 -> 0 | M78: =M79 -> 2300000 | N78: =N79 -> 0 | O78: =O79 -> 599800 | P78: =P79 -> 0 | Q78: =Q79 -> 0 | ... T78: =T79 -> 0
C79: Расходы на обеспечение деятельности (оказание услуг) муниципальных учреждений | D79: 902 | E79: 01 | F79: 13 | G79: 5230000590 | I79: =SUM(J79:T79) -> 10942800 | J79: =J80+J81+J82 -> 7543000 | K79: =K80+K81+K82 -> 0 | L79: =L80+L81+L82 -> 0 | M79: =M80+M81+M82 -> 2300000 | N79: =N80+N81+N82 -> 0 | O79: =O80+O81+O82 -> 599800 | P79: =P80+P81+P82 -> 0 | Q79: =Q80+Q81+Q82 -> 0 | ... T79: =T80+T81+T82 -> 0
C80: Расходы на выплаты персоналу в целях обеспечения выполнения функций государственными (муниципальными) органами, казенными учреждениями, органами управления государственными внебюджетными фондами | D80: 902 | E80: 01 | F80: 13 | G80: 5230000590 | H80: 100 | I80: =SUM(J80:T80) -> 9239300 | J80: 6939300 | M80: 2300000
C81: Закупка товаров, работ и услуг для обеспечения государственных (муниципальных) нужд | D81: 902 | E81: 01 | F81: 13 | G81: 5230000590 | H81: 200 | I81: =SUM(J81:T81) -> 1450100 | J81: 350300 | O81: 599800 | R81: 500000
C82: Иные бюджетные ассигнования | D82: 902 | E82: 01 | F82: 13 | G82: 5230000590 | H82: 800 | I82: =SUM(J82:T82) -> 253400 | J82: 253400
C83: Служба заказчика | D83: 902 | E83: 01 | F83: 13 | G83: 5260000000 | I83: =SUM(J83:T83) -> 19911500 | J83: =+J84 -> 19933500 | K83: =+K84 -> 0 | L83: =+L84 -> 0 | M83: =+M84 -> 67000 | N83: =+N84 -> -89000 | O83: =+O84 -> 0 | P83: =+P84 -> 0 | Q83: =+Q84 -> 0 | ... T83: =+T84 -> 0
C84: Расходы на обеспечение деятельности (оказание услуг) муниципальных учреждений | D84: 902 | E84: 01 | F84: 13 | G84: 5260000590 | I84: =SUM(J84:T84) -> 19911500 | J84: =J85+J86+J87 -> 19933500 | K84: =K85+K86+K87 -> 0 | L84: =L85+L86+L87 -> 0 | M84: =M85+M86+M87 -> 67000 | N84: =N85+N86+N87 -> -89000 | O84: =O85+O86+O87 -> 0 | P84: =P85+P86+P87 -> 0 | Q84: =Q85+Q86+Q87 -> 0 | ... T84: =T85+T86+T87 -> 0
C85: Расходы на выплаты персоналу в целях обеспечения выполнения функций государственными (муниципальными) органами, казенными учреждениями, органами управления государственными внебюджетными фондами | D85: 902 | E85: 01 | F85: 13 | G85: 5260000590 | H85: 100 | I85: =SUM(J85:T85) -> 16472500 | J85: 16472500
C86: Закупка товаров, работ и услуг для обеспечения государственных (муниципальных) нужд | D86: 902 | E86: 01 | F86: 13 | G86: 5260000590 | H86: 200 | I86: =SUM(J86:T86) -> 2792000 | J86: 2881000 | N86: -89000
C87: Иные бюджетные ассигнования | D87: 902 | E87: 01 | F87: 13 | G87: 5260000590 | H87: 800 | I87: =SUM(J87:T87) -> 647000 | J87: 580000 | M87: 67000
C88: Муниципальная программа "Поддержка социально ориентированных некоммерческих организаций" | D88: 902 | E88: 01 | F88: 13 | G88: 6300000000 | I88: =SUM(J88:T88) -> 7968000 | J88: =J89 -> 2050000 | K88: =K89 -> 0 | L88: =L89 -> 0 | M88: =M89 -> 4968000 | N88: =N89 -> 0 | O88: =O89 -> 0 | P88: =P89 -> 0 | Q88: =Q89 -> 250000 | ... T88: =T89 -> 0
C89: Формирование благоприятных условий для осуществления деятельности социально ориентированных некоммерческих организаций | D89: 902 | E89: 01 | F89: 13 | G89: 6310000000 | I89: =SUM(J89:T89) -> 7968000 | J89: =J90 -> 2050000 | K89: =K90 -> 0 | L89: =L90 -> 0 | M89: =M90 -> 4968000 | N89: =N90 -> 0 | O89: =O90 -> 0 | P89: =P90 -> 0 | Q89: =Q90 -> 250000 | ... T89: =T90 -> 0
C90: Реализация мероприятий по поддержке социально ориентированных некоммерческих организаций | D90: 902 | E90: 01 | F90: 13 | G90: 6310010050 | I90: =SUM(J90:T90) -> 7968000 | J90: =J91 -> 2050000 | K90: =K91 -> 0 | L90: =L91 -> 0 | M90: =M91 -> 4968000 | N90: =N91 -> 0 | O90: =O91 -> 0 | P90: =P91 -> 0 | Q90: =Q91 -> 250000 | ... T90: =T91 -> 0
C91: Предоставление субсидий бюджетным, автономным учреждениям и иным некоммерческим организациям | D91: 902 | E91: 01 | F91: 13 | G91: 6310010050 | H91: 600 | I91: =SUM(J91:T91) -> 7968000 | J91: 2050000 | M91: 4968000 | Q91: 250000 | S91: 700000
C92: Другие непрограммные направления деятельности органов местного самоуправления | D92: 902 | E92: 01 | F92: 13 | G92: 9900000000 | I92: =SUM(J92:T92) -> 1899400 | J92: =J95+J93+J99 -> 11700000 | K92: =K95+K93+K99 -> 0 | L92: =L95+L93+L99 -> -10000000 | M92: =M95+M93+M99 -> 0 | N92: =N95+N93+N99+N97 -> 41200 | O92: =O95+O93+O99+O97 -> 78400 | P92: =P95+P93+P99 -> 0 | Q92: =Q95+Q93+Q99+Q97 -> 41200 | R92: =R95+R93+R99 -> 0 | S92: =S95+S93+S99+S97 -> 38600 | T92: =T95+T93+T99+T97 -> 0
C93: Реализация мероприятий по выполнению наказов избирателей депутатам представительного органа | D93: 902 | E93: 01 | F93: 13 | G93: 9900010150 | I93: =SUM(J93:T93) -> 0 | J93: =J94 -> 10000000 | K93: =K94 -> 0 | L93: =L94 -> -10000000 | M93: =M94 -> 0 | N93: =N94 -> 0 | O93: =O94 -> 0 | P93: =P94 -> 0 | Q93: =Q94 -> 0 | ... T93: =T94 -> 0
C94: Закупка товаров, работ и услуг для обеспечения государственных (муниципальных) нужд | D94: 902 | E94: 01 | F94: 13 | G94: 9900010150 | H94: 200 | I94: =SUM(J94:T94) -> 0 | J94: 10000000 | L94: -10000000 | M94: 0 | N94: 0 | O94: 0 | P94: 0 | Q94: 0 | R94: 0 | S94: 0 | T94: 0
C95: Исполнение судебных решений | D95: 902 | E95: 01 | F95: 13 | G95: 9900010910 | I95: =SUM(J95:T95) -> 1000000 | J95: =J96 -> 1000000 | K95: =K96 -> 0 | L95: =L96 -> 0 | M95: =M96 -> 0 | N95: =N96 -> 0 | O95: =O96 -> 0 | P95: =P96 -> 0 | Q95: =Q96 -> 0 | ... T95: =T96 -> 0
C96: Иные бюджетные ассигнования | D96: 902 | E96: 01 | F96: 13 | G96: 9900010910 | H96: 800 | I96: =SUM(J96:T96) -> 1000000 | J96: 1000000
C97: Иные межбюджетные трансферты бюджетам муниципальных образований Краснодарского края за счет средств резервного фонда администрации Краснодарского края | D97: 902 | E97: 01 | F97: 13 | G97: 9900062590 | I97: =SUM(J97:T97) -> 199400 | N97: =N98 -> 41200 | O97: =O98 -> 78400 | Q97: =Q98 -> 41200 | S97: =S98 -> 38600 | T97: =T98 -> 0
C98: Закупка товаров, работ и услуг для обеспечения государственных (муниципальных) нужд | D98: 902 | E98: 01 | F98: 13 | G98: 9900062590 | H98: 200 | I98: =SUM(J98:T98) -> 199400 | N98: 41200 | O98: 78400 | Q98: 41200 | S98: 38600
C99: Непрограммные мероприятия в области архитектуры и управления муниципальным имуществом | D99: 902 | E99: 01 | F99: 13 | G99: 9960000000 | I99: =SUM(J99:T99) -> 700000 | J99: =J100 -> 700000 | K99: =K100 -> 0 | L99: =L100 -> 0 | M99: =M100 -> 0 | N99: =N100 -> 0 | O99: =O100 -> 0 | P99: =P100 -> 0 | Q99: =Q100 -> 0 | ... T99: =T100 -> 0
C100: Мероприятия в области подготовительных работ и ввода в эксплуатацию объектов строительства | D100: 902 | E100: 01 | F100: 13 | G100: 9960010570 | I100: =SUM(J100:T100) -> 700000 | J100: =J101 -> 700000 | K100: =K101 -> 0 | L100: =L101 -> 0 | M100: =M101 -> 0 | N100: =N101 -> 0 | O100: =O101 -> 0 | P100: =P101 -> 0 | Q100: =Q101 -> 0 | ... T100: =T101 -> 0
...
